 Dungeon Crawl Stone Soup version 0.30-a0-585-g93115170b9 (webtiles) character file.

Game seed: 8175673474898487277

11889 mhtbhm the Cleaver (level 11, -1/145 HPs)
             Began as a Minotaur Fighter on Jan 1, 2023.
             Was an Initiate of Gozag.
             Slain by an orc
             ... wielding a +0 whip
             ... led by an orc warlord
              (5 damage)
             ... on level 2 of the Orcish Mines.
             The game lasted 00:15:18 (9317 turns).

mhtbhm the Cleaver (Minotaur Fighter)               Turns: 9317, Time: 00:15:19

Health: -1/145     AC: 12    Str: 25    XL:     11   Next: 55%
Magic:  10/10      EV:  9    Int:  7    God:    Gozag
Gold:   1986       SH: 11    Dex: 16    Spells: 10/10 levels left

rFire   . . .      SeeInvis +    a - +1 broad axe of Awocwocw {elec, rElec Int+2 SInv}
rCold   + . .      Faith    .    c - +0 kite shield
rNeg    . . .      Spirit   .    b - +1 scale mail {rPois}
rPois   +          Reflect  .    (helmet restricted)
rElec   +          Harm     .    (no cloak)
rCorr   .          Rampage  .    s - +0 pair of gloves
Will    .....                    p - +0 pair of boots Stlth
                                 O - amulet of regeneration
HPRegen 1.24/turn                y - +6 ring of dexterity
MPRegen 0.12/turn                E - ring of protection from cold

@: berserking, grasped by roots, gold aura, constricted, very quick
A: horns 2, retaliatory headbutt
a: Renounce Religion, Potion Petition, Call Merchant, Bribe Branch


You were on level 2 of the Orcish Mines.
You worshipped Gozag.
Gozag was most pleased with you.
You visited 2 branches of the dungeon, and saw 11 of its levels.

You collected 2272 gold pieces.
You paid 286 gold pieces to Gozag.

Inventory:

Hand Weapons
 a - the +1 broad axe of Awocwocw (weapon) {elec, rElec Int+2 SInv}
   (You found it on level 7 of the Dungeon)

   It occasionally discharges a powerful burst of electricity upon striking a
   foe.
   Int:       It affects your intelligence (+2).
   rElec:     It insulates you from electricity.
   SInv:      It lets you see invisible.
 P - a +2 vampiric war axe
Missiles
 e - 4 silver javelins (quivered)
 j - a throwing net
 l - 3 javelins
Armour
 b - a +1 scale mail of poison resistance (worn)
 c - a +0 kite shield (worn)
 p - a +0 pair of boots (worn)
 s - a +0 pair of gloves (worn)
Jewellery
 i - an amulet of magic regeneration
 y - a +6 ring of dexterity (left hand)
 B - a ring of fire
 E - a ring of protection from cold (right hand)
 O - an amulet of regeneration (around neck)
Wands
 L - a wand of charming (5)
 N - a wand of flame (19)
Scrolls
 d - a scroll of immolation
 f - a scroll of blinking
 h - 3 scrolls of fog
 o - 4 scrolls of poison
 t - a scroll of magic mapping
 u - 4 scrolls of teleportation
 w - a scroll of amnesia
 z - 3 scrolls of fear
 A - a scroll of silence
 G - a scroll of torment
 I - a scroll of butterflies {unknown}
 K - a scroll of acquirement {unknown}
Potions
 g - 3 potions of flight
 k - 3 potions of brilliance
 m - a potion of magic
 n - a potion of ambrosia
 q - a potion of heal wounds
 r - 3 potions of curing
 v - 2 potions of lignification
 x - a potion of resistance {unknown}
 C - 2 potions of mutation {unknown}
 D - a potion of might
 F - 2 potions of invisibility {unknown}


   Skills:
 + Level 9.2 Fighting
 + Level 14.1 Axes
 + Level 0.7 Throwing
 + Level 10.5 Armour
 + Level 5.9 Dodging
 + Level 2.2 Stealth
 + Level 9.2 Shields
 + Level 0.3 Evocations


You had 10 spell levels left.
You didn't know any spells.
Your spell library contained the following spells:

 Spells                   Type           Power      Damage    Failure   Level
 Freeze                   Ice            0%         1d3       91%         1
 Kiss of Death            Conj/Necr      0%         2d5       91%         1
 Magic Dart               Conj           0%         1d3       91%         1
 Slow                     Hex            0%         N/A       91%         1
 Blink                    Tloc           0%         N/A       97%         2
 Call Imp                 Summ           0%         N/A       97%         2
 Momentum Strike          Conj/Tloc      0%         3d8       97%         2
 Confusing Touch          Hex            0%         N/A       100%        3
 Frozen Ramparts          Ice            0%         1d1       100%        3
 Hailstorm                Conj/Ice       0%         3d3       100%        3
 Inner Flame              Hex/Fire       0%         N/A       100%        3
 Lesser Beckoning         Tloc           0%         N/A       100%        3
 Mephitic Cloud           Conj/Pois/Air  0%         N/A       100%        3
 Vampiric Draining        Necr           0%         2d6       100%        3
 Cause Fear               Hex            0%         N/A       100%        4
 Yara's Violent Unravell  Hex/Tmut       0%         3d3       100%        5
 Enfeeble                 Hex            0%         N/A       100%        7
 Discord                  Hex            0%         N/A       100%        8


Dungeon Overview and Level Annotations

Branches:
Dungeon (9/15)             Temple (0/1) D:5             Orc (2/2) D:9
   Lair: D:8-11         Elf: Orc:2

Altars:
Cheibriados
Gozag
Kikubaaqudgha
Sif Muna
Trog
The Shining One

Annotations:
Orc:2 Jorgrun


Innate Abilities, Weirdness & Mutations

You have a pair of horns on your head.
You reflexively headbutt those who attack you in melee.


Message History

* * * LOW HITPOINT WARNING * * *
The orc is distracted by your dazzling golden aura.
The orc warrior hits you with a +0 short sword.
* * * LOW HITPOINT WARNING * * *
Unknown command.
You slice Jorgrun!! You headbutt Jorgrun.
Jorgrun is severely wounded.
You slash the orc! Lightning courses through the orc!
You kill the orc!
You slash the orc warrior! You barely miss the orc warrior.
Jorgrun is distracted by your dazzling golden aura.
The grasping roots constrict you!
* * * LOW HITPOINT WARNING * * *
Unknown command.
You barely miss Jorgrun.
Jorgrun is no longer distracted by gold.
Jorgrun shouts!
You headbutt Jorgrun!!
Jorgrun is severely wounded.
You closely miss the orc warrior. You hit the orc warrior.
Lightning courses through the orc warrior!!
You kill the orc warrior!
The orc is no longer distracted by gold.
The orc warrior is distracted by your dazzling golden aura.
The orc is distracted by your dazzling golden aura.
Unknown command.
The orc warrior shouts!
You slash Jorgrun! Your headbutt misses Jorgrun.
Jorgrun is almost dead.
You hit the orc warrior.
The orc warrior is no longer distracted by gold.
You hit the orc.
You hear a shout!
Jorgrun is distracted by your dazzling golden aura.
The grasping roots constrict you.
* * * LOW HITPOINT WARNING * * *
The orc warrior hits you but does no damage.
The orc hits you with a +0 whip.
You die...
Your body crumbles into a pile of gold.

#####o...
#..#.....
###...oo..
......o.
###.....#
#.....o## ...
#..oog..# .....
#..$@$..# #.....
#..#.$$$..#
#......
#.$$...##...$...
#...............
##.............#
#.#...........#
####........##
##........##
##.........#


You could see Jorgrun (unaware), an orc warlord, 2 orc warriors, an orc wizard
(invisible) and 3 orcs.

Vanquished Creatures
  2 ettins (Orc:2)
  A two-headed ogre (D:9)
  An ugly thing (D:7)
  Joseph (D:8)
  A gargoyle (D:7)
  Maggie (D:7)
  A komodo dragon (D:7)
  The ghost of yumyumyeen the Slasher, an amateur MiMo of Kikubaaqudgha (D:4)
  3 hornets
  A shadow (D:7)
  3 wyverns
  8 yaks (D:9)
  A steam dragon (D:7)
  A vampire mosquito (D:7)
  Menkaure (D:4)
  2 wargs (Orc:2)
  2 acid dragons
  A water moccasin (D:7)
  2 ice beasts (D:7)
  6 sky beasts
  2 ogres
  11 orc warriors
  2 black bears
  2 centaurs
  A phantom (D:7)
  2 gnoll sergeants
  3 bullfrogs
  2 kobold brigands (D:8)
  A necrophage (D:7)
  2 scorpions
  A killer bee (D:7)
  3 electric eels (D:6)
  4 howler monkeys
  4 quasits (D:4)
  5 hounds
  4 gnoll boudas
  7 orc priests
  Jessica (D:3)
  2 iguanas (D:4)
  Natasha (thrice) (D:3)
  12 orc wizards
  Terence (D:3)
  8 adders
  23 gnolls
  A shadow imp (D:7)
  3 white imps
  An ufetubus (D:5)
  A worm (D:3)
  7 dart slugs
  47 orcs
  2 endoplasms
  2 giant cockroaches
  5 goblins
  9 hobgoblins
  3 jackals (D:1)
  4 quokkas
  7 ball pythons
  7 bats
  5 frilled lizards
  18 kobolds
  7 rats
275 creatures vanquished.

Vanquished Creatures (others)
  A boulder beetle (D:7)
  17 plants
18 creatures vanquished.

Grand Total: 293 creatures vanquished

Notes
Turn   | Place    | Note
-------+----------+-------------------------------------------
     0 | D:1      | mhtbhm the Minotaur Fighter began the quest for the Orb.
     0 | D:1      | Reached XP level 1. HP: 19/19 MP: 0/0
   180 | D:1      | Reached XP level 2. HP: 27/27 MP: 1/1
   679 | D:2      | Reached XP level 3. HP: 29/33 MP: 2/2
   987 | D:2      | Reached XP level 4. HP: 40/40 MP: 3/3
  1009 | D:2      | Reached skill level 3 in Axes
  1350 | D:3      | Noticed Terence
  1355 | D:3      | Killed Terence
  1377 | D:3      | Identified the +5 short sword "Quecyext" {vamp, rF+ rN+}
  1383 | D:3      | Noticed Natasha
  1386 | D:3      | Found a faded altar of an unknown god.
  1396 | D:3      | Killed Natasha
  1397 | D:3      | Reached skill level 4 in Axes
  1397 | D:3      | Reached XP level 5. HP: 30/47 MP: 4/4
  1474 | D:3      | Prayed at the altar of an unknown god.
  1474 | D:3      | Became a worshipper of Gozag Ym Sagoz the Greedy
  1573 | D:3      | Noticed Natasha
  1579 | D:3      | Killed Natasha
  1640 | D:3      | Noticed Natasha
  1645 | D:3      | Killed Natasha
  2103 | D:3      | Found a bloodstained altar of Trog.
  2113 | D:3      | Noticed Jessica
  2115 | D:3      | Killed Jessica
  2116 | D:3      | Reached skill level 5 in Axes
  2116 | D:3      | Reached XP level 6. HP: 53/53 MP: 5/5
  2126 | D:3      | Found a shimmering blue altar of Sif Muna.
  2130 | D:3      | Got Sif Muna's Almanac of Attacks
  2179 | D:4      | Reached skill level 1 in Dodging
  2251 | D:4      | Noticed Menkaure
  2259 | D:4      | HP: 1/53 [Menkaure (7)]
  2272 | D:4      | Killed Menkaure
  2273 | D:4      | Reached skill level 5 in Armour
  2273 | D:4      | Reached skill level 5 in Shields
  2341 | D:4      | Reached skill level 5 in Fighting
  2341 | D:4      | Reached skill level 6 in Axes
  2418 | D:4      | Reached XP level 7. HP: 61/61 MP: 6/6
  2510 | D:4      | Found a transporter.
  2521 | D:4      | Found a transporter.
  2529 | D:4      | Noticed yumyumyeen's ghost (amateur MiMo)
  2854 | D:4      | Killed yumyumyeen's ghost
  2855 | D:4      | Reached skill level 7 in Axes
  2949 | D:5      | Entered Level 5 of the Dungeon
  3016 | D:5      | Found a glowing golden altar of the Shining One.
  3124 | D:5      | Reached skill level 1 in Stealth
  3147 | D:5      | Reached XP level 8. HP: 50/70 MP: 7/7
  3398 | D:5      | Found a staircase to the Ecumenical Temple.
  3517 | D:6      | Reached skill level 8 in Axes
  3728 | D:6      | Found a snail-covered altar of Cheibriados.
  5117 | D:7      | Reached skill level 9 in Axes
  5200 | D:7      | Found an ancient bone altar of Kikubaaqudgha.
  5344 | D:7      | Noticed Maggie
  5358 | D:7      | Killed Maggie
  5359 | D:7      | Reached XP level 9. HP: 70/78 MP: 8/8
  5551 | D:7      | Reached skill level 10 in Axes
  5946 | D:7      | You fall into a shaft and drop 2 floors!
  5994 | D:9      | Reached skill level 11 in Axes
  6014 | D:9      | Identified the +12 dagger "Lycwa" {pain, *Noise rC+ rN+
                  | Str+3}
  6185 | D:9      | Found a staircase to the Orcish Mines.
  6200 | D:9      | Reached XP level 10. HP: 58/86 MP: 9/9
  6670 | D:9      | Noticed a two-headed ogre
  6680 | D:9      | Killed a two-headed ogre
  6789 | D:9      | Reached skill level 12 in Axes
  7487 | D:8      | Noticed Joseph
  7508 | D:8      | Killed Joseph
  7952 | D:8      | Reached skill level 10 in Armour
  7975 | D:8      | Reached skill level 5 in Dodging
  7983 | D:8      | Reached skill level 13 in Axes
  8672 | D:7      | Reached XP level 11. HP: 47/95 MP: 10/10
  8780 | D:7      | Noticed a boulder beetle
  8781 | D:7      | Noticed a purple ugly thing
  8799 | D:7      | Killed a purple ugly thing
  8871 | D:7      | Identified the +1 broad axe of Awocwocw {elec, rElec Int+2
                  | SInv}
  9062 | Orc:1    | Entered Level 1 of the Orcish Mines
  9226 | Orc:2    | Entered Level 2 of the Orcish Mines
  9230 | Orc:2    | Noticed an ettin
  9242 | Orc:2    | Killed an ettin
  9249 | Orc:2    | Noticed an ettin
  9260 | Orc:2    | Killed an ettin
  9294 | Orc:2    | Noticed Jorgrun
  9312 | Orc:2    | Reached skill level 14 in Axes
  9312 | Orc:2    | Noticed an orc warlord
  9315 | Orc:2    | HP: 5/145 [constriction (7)]
  9317 | Orc:2    | Slain by an orc

Illustrated notes

Levels and vault maps discovered:
D:1:      saegor_arrival_simple_d, layout_basic
D:2:      layout_rooms, minmay_misc_feat_more_columns
D:3:      layout_loops_ring, nzn_overflow_gifts_of_might_and_magic,
          chequers_ecumenical_altar_island, palyth_stone_intersect,
          minmay_fountain_box, lexackson_kobold_supper, uniq_terence,
          uniq_natasha
D:4:      layout_cave_pools, gammafunk_ghost_stat_death, uniq_menkaure
D:5:      layout_rooms, tso_oasis_becter, minmay_temple_entry_junction
D:6:      wad_lake_hut, layout_basic, amcnicky_altar_gilded, serial_bayou_ford_a
D:7:      minmay_the_grid_octo_tiled_octocenter
          [minmay_the_grid_octo_vomiting_pacman, minmay_the_grid_octo_odd_swirl,
          minmay_the_grid_octo_clover_2, minmay_the_grid_octo_checkered,
          minmay_the_grid_octo_prize_ultimate_mussel_roller,
          minmay_the_grid_square_5x5_shrine1, minmay_the_grid_square_5x5_three,
          minmay_the_grid_square_5x5_z, minmay_the_grid_square_5x5_v],
          layout_cave_pools, mrwooster_statue_mirror,
          kennysheep_generic_room_10, uniq_maggie
D:8:      layout_basic, roderic_roman_lattice, uniq_joseph
D:9:      layout_loops_ring, david_orc_3, hangedman_decor_slide_cut
Orc:1:    layout_diamond_mine, uniq_snorg, uniq_urug, uniq_erolcha
Orc:2:    kennysheep_orc_mage_school, layout_diamond_mine, uniq_jorgrun

Skill      XL: |  1  2  3  4  5  6  7  8  9 10 11 |
---------------+----------------------------------+-----
Shields        | 4 5 6 7 8 9 |  9.2
Armour         | 4 5 6 7 9 10 | 10.5
Fighting       | 4 5 6 7 8 9 |  9.2
Axes           | 4 5 6 7 9 11 13 14 | 14.1
Dodging        | 1 2 3 4 5 |  5.9
Stealth        | 1 2 |  2.2
Throwing       | |  0.7
Evocations     | |  0.3

Action                   |  1- 3 |  4- 6 |  7- 9 | 10-12 || total
-------------------------+-------+-------+-------+-------++-------
Melee: War axe           |    66 |    99 |       |       ||   165
       Headbutt          |     6 |    16 |    48 |    67 ||   137
       Hand axe          |       |    23 |   261 |   220 ||   504
       Broad axe         |       |       |       |    62 ||    62
Throw: Javelin           |     1 |       |       |     2 ||     3
       Dart              |       |       |       |     2 ||     2
Invok: Potion Petition   |       |       |     1 |       ||     1
Evoke: Wand              |       |       |       |     3 ||     3
  Use: Scroll            |       |     2 |    10 |     2 ||    14
       Potion            |       |     6 |     1 |     5 ||    12
 Stab: Distracted        |       |     2 |     3 |       ||     5
Armor: Scale mail        |    40 |    40 |   104 |    73 ||   257
Dodge: Dodged            |    25 |    51 |   108 |    91 ||   275
Block: Buckler           |    16 |    26 |    52 |     5 ||    99
       Kite shield       |       |       |       |   131 ||   131

Table legend: (Time is in decaauts)
 A = Elapsed time spent in this place.
 B = Non-inter-level travel time spent in this place.
 C = Inter-level travel time spent in this place.
 D = Time resting spent in this place.
 E = Time spent auto-exploring this place.
 F = Levels seen in this place.
 G = Mean time per level.
                   A        B        C        D        E       F      G
               +--------+--------+--------+--------+--------+-----+--------+
         Total |   9391 |   9197 |    194 |    929 |   6157 |  11 |  853.7 |
       Dungeon |   9135 |   8941 |    194 |    925 |   6043 |   9 | 1015.0 |
  Orcish Mines |    256 |    256 |      0 |      4 |    114 |   2 |  128.0 |
               +--------+--------+--------+--------+--------+-----+--------+

Top non-repeatable levels by time:
     D:6: 1527 daAuts
     D:9: 1482 daAuts
     D:7: 1396 daAuts
     D:8: 1136 daAuts
     D:3: 941 daAuts
     D:4: 796 daAuts
     D:1: 671 daAuts
     D:2: 627 daAuts
     D:5: 555 daAuts
   Orc:1: 164 daAuts
   Orc:2: 91 daAuts
